 Dungeon Crawl Stone Soup version 0.31-a0-664-g902f515a81 (webtiles) character file.

Game seed: 16799572873307132371

52 AtlasWard the Twirler (level 3, -1/37 HPs)
             Began as an Ogre Gladiator on Sept 2, 2023.
             Slain by a gnoll
             ... wielding a +0 flail
              (6 damage)
             ... on level 1 of the Dungeon.
             The game lasted 00:01:33 (1118 turns).

AtlasWard the Twirler (Ogre Gladiator)              Turns: 1118, Time: 00:01:34

Health: -1/37      AC:  3    Str: 20    XL:     3   Next: 85%
Magic:  3/3        EV: 10    Int:  9    God:
Gold:   77         SH:  0    Dex: 10    Spells: 2/2 levels left

rFire   . . .        a - +0 quarterstaff
rCold   . . .        (shield currently unavailable)
rNeg    . . .        b - +0 robe
rPois   .            c - +0 hat
rElec   .            (no cloak)
rCorr   .            (gloves unavailable)
SInv    .            (boots unavailable)
Will    .....        (no amulet)
Stlth   +            (no ring)
HPRegen 0.26/turn    (no ring)
MPRegen 0.08/turn

%: no passive effects
@: no status effects
A: large, unfitting armour, tough skin 1
a: no special abilities


You were on level 1 of the Dungeon.
You visited 1 branch of the dungeon, and saw 2 of its levels.

You collected 77 gold pieces.

Inventory:

Hand Weapons
 a - a +0 quarterstaff (weapon)
Missiles
 d - 3 throwing nets (quivered)
 e - a large rock
 k - 5 poisoned darts
Armour
 b - a +0 robe (worn)
 c - a +0 hat (worn)
Scrolls
 f - 2 scrolls of poison {unknown}
 g - a scroll of enchant weapon {unknown}
 h - a scroll of fog {unknown}
 l - a scroll of identify {unknown}
 n - a scroll of vulnerability {unknown}
Potions
 i - a potion of curing {unknown}
 j - 2 potions of mutation {unknown}
 m - a potion of lignification {unknown}
 o - a potion of attraction {unknown}


   Skills:
 + Level 3.5 Fighting
 * Level 3.9 Staves
 - Level 2.0 Throwing
 + Level 3.1 Dodging


You had 2 spell levels left.
You didn't know any spells.
Your spell library contained the following spells:

 Spells                   Type           Power      Damage    Failure   Level
 Summon Small Mammal      Summ           0%         N/A       38%         1
 Call Canine Familiar     Summ           0%         N/A       77%         3
 Summon Guardian Golem    Hex/Summ       0%         N/A       77%         3


Dungeon Overview and Level Annotations

Branches:
Dungeon (2/15)

Altars:


Innate Abilities, Weirdness & Mutations

You are too large for most types of armour.
You have tough skin. (AC +1)


Message History

No target in view!
No target in view!
No target in view!
You see here an adder corpse.
You now have 77 gold pieces (gained 6).
A gnoll is nearby!
A gnoll is nearby!
A gnoll is nearby!
A gnoll is nearby!
A quokka comes into view.
The gnoll shouts!
The quokka moves out of view.
The gnoll shouts!
The gnoll hits you with a +0 flail.
You barely miss the gnoll. The quokka barely misses you.
The gnoll closely misses you. The gnoll hits you with a +0 club.
You hit the gnoll.
The gnoll is moderately wounded.
The quokka barely misses you. The gnoll hits you with a +0 flail!
The gnoll hits you but does no damage. The quokka barely misses you.
You barely miss the gnoll.
The gnoll is moderately wounded.
The quokka barely misses you. The gnoll barely misses you.
The gnoll hits you with a +0 club. The quokka bites you.
The gnoll closely misses you.
There is a stone staircase leading up here.
The quokka barely misses you. The gnoll barely misses you.
The gnoll hits you with a +0 flail.
You climb upwards.
There is a stone staircase leading down here.
You barely miss the gnoll.
The gnoll is moderately wounded.
The quokka bites you but does no damage.
The gnoll hits you with a +0 flail!
* * * LOW HITPOINT WARNING * * *
The quokka misses you.
You barely miss the gnoll.
The gnoll is moderately wounded.
The gnoll hits you with a +0 flail.
You die...

.#.#...#.#.........#########.#
...#...#.#...................#
...#...#.#.....##################
.#.#...#.#.............#....)....
)#.#...#.#....####.#.........####
.#.#...#.#.............#....##
.#.#...#.#########.#.#.####.#
....#.##.###...###.#.#.# #.#
.#............gr@#.#.#.# #.#
.#.....#+###.#.#g#.#.#.# #.#
#..##.....#[...#.#.#.#.# #.#
....#.....#....#.#.#.#.####.#####
....#..........#.#.#.#..(........
.[..#.........##.#.#.######.#####
....#.........##.#.#.# #........#
....#......#####.#.#.# #.##.#.#.#
.......)...#.....#...###'##)....#


You could see 2 gnolls and a quokka.

Vanquished Creatures
  3 adders (D:2)
  A bat (D:2)
  4 endoplasms
  3 goblins
  3 hobgoblins
  2 kobolds (D:1)
  4 quokkas
  A ball python (D:2)
  3 rats
24 creatures vanquished.

Notes
Turn   | Place    | Note
-------+----------+-------------------------------------------
     0 | D:1      | AtlasWard the Ogre Gladiator began the quest for the Orb.
     0 | D:1      | Reached XP level 1. HP: 22/22 MP: 1/1
    30 | D:1      | You fall into a shaft and drop 1 floor!
    37 | D:2      | Reached XP level 2. HP: 31/31 MP: 2/2
   702 | D:1      | Reached XP level 3. HP: 36/37 MP: 3/3
  1118 | D:1      | Slain by a gnoll

Illustrated notes

Levels and vault maps discovered:
D:1:      saegor_arrival_under_anarchy, layout_basic
D:2:      layout_rooms

Skill      XL: |  1  2 |
---------------+-------+-----
Fighting       | 3 |  3.5
Dodging        | 3 |  3.1
Staves         | |  3.9
Throwing       | |  2.0

Action                     || total
---------------------------++-------
  Melee: Quarterstaff      ||    81
   Stab: Sleeping          ||     1
 Armour: Robe              ||    56
  Dodge: Dodged            ||    43

Table legend: (Time is in decaauts)
 A = Elapsed time spent in this place.
 B = Non-inter-level travel time spent in this place.
 C = Inter-level travel time spent in this place.
 D = Time resting spent in this place.
 E = Time spent auto-exploring this place.
 F = Levels seen in this place.
 G = Mean time per level.
                   A        B        C        D        E       F      G
               +--------+--------+--------+--------+--------+-----+--------+
         Total |   1127 |   1043 |     84 |      0 |    852 |   2 |  563.5 |
       Dungeon |   1127 |   1043 |     84 |      0 |    852 |   2 |  563.5 |
               +--------+--------+--------+--------+--------+-----+--------+

Top non-repeatable levels by time:
     D:1: 795 daAuts
     D:2: 332 daAuts
